 Dungeon Crawl Stone Soup version 0.28-a0-919-g0b5b508569 (console) character file.

Game seed: 1178413216058798873

17148 jejorda2 the Impaler (level 12, -5/88 HPs)
             Began as a Merfolk Berserker on Nov 25, 2021.
             Was a Priest of Trog.
             Slain by an orc warrior (11 damage)
             ... on level 1 of the Orcish Mines.
             The game lasted 00:27:01 (13080 turns).

jejorda2 the Impaler (Merfolk Berserker)           Turns: 13080, Time: 00:27:02

Health: -5/88      AC: 16    Str: 21    XL:     12   Next: 45%
Magic:  12/12      EV:  9    Int:  8    God:    Trog [***...]
Gold:   290        SH:  0    Dex: 13    Spells: 11/11 levels left

rFire   + . .      SeeInvis .   a - -1 demon trident
rCold   + . .      Faith    .   (no shield)
rNeg    . . .      Spirit   .   E - +0 chain mail {rF+}
rPois   +          Reflect  .   (no helmet)
rElec   .          Harm     .   (no cloak)
rCorr   .          Rampage  .   v - +2 pair of gloves
Will    .....                   o - +0 pair of boots
Stlth   ..........              (no amulet)
HPRegen 0.24/turn               g - ring of poison resistance
MPRegen 0.13/turn               j - ring of protection from cold

@: mighty, on berserk cooldown, slowed, very slow
A: (nimble swimmer 2), mertail
a: Renounce Religion, Berserk, Trog's Hand


You were on level 1 of the Orcish Mines.
You worshipped Trog.
Trog was most pleased with you.
You visited 2 branches of the dungeon, and saw 11 of its levels.

You collected 640 gold pieces.
You spent 350 gold pieces at shops.

Inventory:

Hand Weapons
 a - a -1 demon trident (weapon)
 F - a +1 glaive of venom
Missiles
 e - 352 stones (quivered)
 h - 13 poisoned darts
 t - 7 curare-tipped darts
 u - 5 javelins
Armour
 o - a +0 pair of boots (worn)
 v - a +2 pair of gloves (worn)
 E - a +0 chain mail of fire resistance (worn)
Jewellery
 g - a ring of poison resistance (left hand)
 j - a ring of protection from cold (right hand)
 G - a ring of protection from fire
Wands
 w - a wand of iceblast (17)
 x - a wand of flame (29)
 B - a wand of acid (3)
Scrolls
 d - 3 scrolls of magic mapping
 q - a scroll of teleportation
 y - 2 scrolls of enchant armour
 C - 2 scrolls of enchant weapon
 I - a scroll of blinking
 J - a scroll of fog
Potions
 c - 2 potions of magic
 f - 4 potions of curing
 i - 2 potions of haste {unknown}
 k - 2 potions of flight {unknown}
 l - a potion of ambrosia {unknown}
 m - a potion of lignification
 n - a potion of mutation {unknown}
 p - a potion of cancellation {unknown}
 r - 4 potions of brilliance {unknown}
 s - 2 potions of degeneration {unknown}
 z - a potion of resistance {unknown}
 A - 2 potions of attraction {unknown}
 D - a potion of invisibility {unknown}
 H - 2 potions of heal wounds {unknown}


   Skills:
 - Level 6.0 Fighting
 + Level 19.7 Polearms
 + Level 9.6 Armour
 - Level 2.6 Dodging
 - Level 6.0 Evocations


You had 11 spell levels left.
You didn't know any spells.
Your spell library was empty.

Dungeon Overview and Level Annotations

Branches:
Dungeon (10/15)            Temple (0/1) D:4             Orc (1/2) D:10
   Lair: D:8-11

Altars:
Kikubaaqudgha
Makhleb
Sif Muna
Trog
Yredelemnul

Shops:
D:3 [   D:6 *:*   D:8 *

Annotations:
D:8 2 transporters, benchwormer's ghost, novice OgCK


Innate Abilities, Weirdness & Mutations

((You are quick and stealthy near water. (Stealth+, EV+, Speed+++)))
Your lower body shifts to a powerful aquatic tail in water.


Message History

The orc hits you but does no damage.
Your ogre hits the orc with a +0 giant club!!!
The orc dies!
Trog accepts your kill. The orange demon stings your ogre.
Your ogre looks as sick as possible!
The orange demon poisons your ogre! The orange demon hits your ogre.
Your ogre looks weaker.
The orc warrior hits you from afar with a +0 glaive.
* * * LOW HITPOINT WARNING * * *
The orc priest barely misses you. The orc barely misses you.
Something hits your ogre.
Items here: ) [.
Unknown command.
Your skin stops crawling.
You feel less strong-willed.
Your ogre hits the orc priest with a +0 giant club!!
The orc priest dies!
Trog accepts your kill.
The orc warrior hits you from afar with a +0 glaive.
* * * LOW HITPOINT WARNING * * *
Your ogre hits the hellwing but does no damage.
The hellwing swoops through the air toward you!
The hellwing hits you!
* * * LOW HITPOINT WARNING * * *
The hellwing hits you but does no damage.
You hear some strange, mumbled words.
Something tries to affect you, but you resist.
The orc warrior hits you from afar with a +0 glaive!
* * * LOW HITPOINT WARNING * * *
You see here a stone.
It was a potion of might.
You feel very mighty all of a sudden. The orc hits you but does no damage.
The hellwing hits you but does no damage.
The hellwing closely misses you. The orc hits you but does no damage. x2
Something barely misses your ogre.
The orange demon stings you but does no damage.
Your ogre closely misses something.
The orc warrior hits you from afar with a +0 glaive!
You die...

#.........#....#...#
.....#..##...##..##
...... #........##
##........#. #.
#...#...... #.
##.......... . #..
###....(..#.##
#.##.##.#o4.((..# #
........o@((...#.
#.....o{((((....#
..##.)oo4O((....##
#.)))4{.....###
#..))#..).....#
......(...#.....##
................#
.........$......#
.#...............


You could see an orange demon (summoned), a hellwing (summoned, ally target), an
orc sorcerer, a red devil (summoned), an orc warrior, 3 orcs and a friendly ogre
(summoned, berserk, extremely poisoned, weak).

Vanquished Creatures
  3 hydras (D:9)
  2 centaur warriors (D:9)
  2 two-headed ogres
  An orc high priest (Orc:1)
  A deep elf pyromancer (D:9)
  An orc sorcerer (D:10)
  An ugly thing (D:9)
  A cyclops (D:9)
  Joseph (D:7)
  A gargoyle (D:10)
  Psyche (D:8)
  A freezing wraith (D:10)
  A komodo dragon (D:10)
  A tengu conjurer (D:9)
  A troll (Orc:1)
  A hornet (D:9)
  3 slime creatures (D:5)
  A tarantella (shapeshifter) (D:9)
  3 shadows
  2 wraiths (D:9)
  A wyvern (D:9)
  5 yaks (D:10)
  2 wargs (Orc:1)
  2 acid dragons (D:9)
  2 water moccasins
  An ice beast (D:8)
  2 black bears
  8 orc warriors
  2 ogres (Orc:1)
  4 centaurs
  A phantom (D:6)
  3 kobold brigands (D:5)
  A bullfrog (D:8)
  2 wyvern zombies (D:8)
  A scorpion (D:6)
  3 troll zombies (D:10)
  9 wights
  A crimson imp (D:8)
  10 centaur zombies
  A hound (D:5)
  3 jellies
  A bullfrog skeleton (D:7)
  4 orc priests
  A centaur skeleton (D:4)
  An iguana (D:5)
  8 orc wizards
  2 killer bee zombies (D:8)
  A centaur simulacrum (D:9)
  5 ogre zombies (D:10)
  5 howler monkey zombies
  4 adders
  A shadow imp (D:5)
  3 white imps
  An ufetubus (D:3)
  An adder skeleton (D:4)
  5 worms
  A dart slug (D:4)
  10 orcs
  18 endoplasms
  A giant cockroach (D:2)
  5 goblins
  7 hobgoblins
  11 kobolds
  2 quokkas (D:2)
  9 ball pythons
  8 bats
  4 frilled lizards
  4 goblin zombies (D:10)
  2 hobgoblin zombies (D:10)
  3 orc skeletons (D:10)
  16 orc zombies (D:10)
  7 rats
244 creatures vanquished.

Vanquished Creatures (collateral kills)
  An orc priest (Orc:1)
  An orc (Orc:1)
2 creatures vanquished.

Vanquished Creatures (others)
  8 fungi (D:5)
  A plant (D:1)
  8 toadstools (D:5)
17 creatures vanquished.

Grand Total: 263 creatures vanquished

Notes
Turn   | Place    | Note
-------+----------+-------------------------------------------
     0 | D:1      | jejorda2 the Merfolk Berserker began the quest for the Orb.
     0 | D:1      | Reached XP level 1. HP: 18/18 MP: 1/1
   208 | D:1      | Reached XP level 2. HP: 23/24 MP: 2/2
   444 | D:1      | Reached skill level 5 in Polearms
   788 | D:1      | Reached ** piety under Trog
   826 | D:1      | Reached XP level 3. HP: 29/29 MP: 3/3
  1813 | D:2      | Reached XP level 4. HP: 37/37 MP: 4/4
  2142 | D:3      | Reached skill level 6 in Polearms
  2708 | D:3      | Found Lappa's Antique Armour Boutique.
  2775 | D:3      | Noticed a black bear
  2781 | D:3      | Killed a black bear
  2782 | D:3      | Reached skill level 7 in Polearms
  2782 | D:3      | Reached XP level 5. HP: 43/43 MP: 5/5
  3202 | D:4      | Reached XP level 6. HP: 47/49 MP: 6/6
  3266 | D:4      | Noticed a black bear
  3280 | D:4      | Killed a black bear
  3383 | D:4      | Reached skill level 8 in Polearms
  3645 | D:4      | Found a staircase to the Ecumenical Temple.
  3790 | D:5      | Entered Level 5 of the Dungeon
  3859 | D:5      | Reached skill level 5 in Fighting
  3936 | D:5      | Reached XP level 7. HP: 45/56 MP: 7/7
  4437 | D:5      | Reached *** piety under Trog
  4453 | D:5      | Reached skill level 9 in Polearms
  4835 | D:5      | Noticed a slime creature
  4835 | D:5      | Noticed a slime creature
  4835 | D:5      | Noticed a slime creature
  4863 | D:5      | Killed a slime creature
  4864 | D:5      | Reached skill level 10 in Polearms
  4864 | D:5      | Reached XP level 8. HP: 64/64 MP: 8/8
  4869 | D:5      | Killed a slime creature
  4872 | D:5      | Reached skill level 11 in Polearms
  4932 | D:5      | Killed a slime creature
  5047 | D:6      | Found Ibbiah's Assorted Antiques.
  5490 | D:6      | Reached skill level 12 in Polearms
  5520 | D:6      | Found a bloodstained altar of Trog.
  5536 | D:6      | Found a shimmering blue altar of Sif Muna.
  5589 | D:6      | Found Kierch's Book Boutique.
  5744 | D:6      | Found Wedokebo's Assorted Antiques.
  6284 | D:6      | Reached XP level 9. HP: 65/69 MP: 9/9
  6290 | D:6      | Identified the +2 robe of Leapfrog {+Blink rC- Slay+3 SInv}
  6547 | D:7      | Noticed Joseph
  6558 | D:7      | Killed Joseph
  6559 | D:7      | Reached skill level 13 in Polearms
  6559 | D:7      | Reached skill level 5 in Armour
  6681 | D:7      | Noticed a two-headed ogre
  6692 | D:7      | Killed a two-headed ogre
  6693 | D:7      | Reached skill level 14 in Polearms
  7526 | D:6      | Bought a shiny chain mail for 240 gold pieces
  7882 | D:8      | Found a transporter.
  7890 | D:8      | Found a transporter.
  7891 | D:8      | Noticed a moth of wrath
  7895 | D:8      | Noticed benchwormer's ghost (novice OgCK)
  8049 | D:8      | Reached skill level 15 in Polearms
  8150 | D:8      | Reached XP level 10. HP: 73/76 MP: 10/10
  8173 | D:8      | Found Kuibb's Lightly-Used Armoury.
  8183 | D:8      | Bought a -1 demon trident for 110 gold pieces
  8275 | D:8      | Noticed Psyche
  8282 | D:8      | Killed Psyche
  8283 | D:8      | Reached skill level 1 in Evocations
  8590 | D:8      | Found a bloodstained altar of Trog.
  8779 | D:9      | Found an ancient bone altar of Kikubaaqudgha.
  8796 | D:9      | Noticed a five-headed hydra
  8808 | D:9      | Killed a five-headed hydra
  8815 | D:9      | Noticed an eight-headed hydra
  8823 | D:9      | Killed an eight-headed hydra
  8824 | D:9      | Reached skill level 16 in Polearms
  8999 | D:9      | Noticed a deep elf pyromancer
  9011 | D:9      | Killed a deep elf pyromancer
  9226 | D:9      | Noticed a white ugly thing
  9227 | D:9      | Noticed a seven-headed hydra
  9229 | D:9      | Noticed a centaur warrior
  9230 | D:9      | Noticed a centaur warrior
  9232 | D:9      | Noticed a kobold demonologist
  9239 | D:9      | Noticed a cyclops
  9240 | D:9      | Killed a white ugly thing
  9487 | D:9      | Reached skill level 5 in Evocations
  9487 | D:9      | Reached XP level 11. HP: 74/81 MP: 11/11
  9905 | D:9      | Found a burning altar of Makhleb.
 10052 | D:9      | Killed a seven-headed hydra
 10053 | D:9      | Reached skill level 17 in Polearms
 10061 | D:9      | Killed a centaur warrior
 10080 | D:10     | Entered Level 10 of the Dungeon
 10262 | D:9      | Killed a cyclops
 10517 | D:9      | Killed a centaur warrior
 11019 | D:10     | Reached skill level 18 in Polearms
 11268 | D:10     | Found a staircase to the Orcish Mines.
 11481 | D:10     | Noticed an orc sorcerer
 11481 | D:10     | Paralysed by an orc sorcerer for 2 turns
 11495 | D:10     | Killed an orc sorcerer
 11500 | D:10     | Reached XP level 12. HP: 88/88 MP: 12/12
 11658 | D:10     | Noticed a two-headed ogre
 11664 | D:10     | Killed a two-headed ogre
 11881 | D:10     | Found a basalt altar of Yredelemnul.
 11909 | D:10     | Reached skill level 19 in Polearms
 12026 | D:10     | Reached **** piety under Trog
 12443 | Orc:1    | Entered Level 1 of the Orcish Mines
 12702 | Orc:1    | Noticed an orc high priest
 12720 | Orc:1    | Killed an orc high priest
 13080 | Orc:1    | Slain by an orc warrior

Illustrated notes

Levels and vault maps discovered:
D:1:      onia_arrival_mini_maze, layout_basic
D:2:      layout_basic
D:3:      layout_loops_ring, serial_shops, nicolae_shop_behind_doors
D:4:      layout_rooms, temple_hall
D:5:      cheibrodos_fertilizer, layout_basic, lemuel_doored_altar
D:6:      layout_basic, nzn_overflow_gifts_of_might_and_magic, serial_shops,
          shop_fountains, shop, kennysheep_mini, kennysheep_generic_room_11
D:7:      layout_basic, uniq_joseph
D:8:      layout_gridville, gammafunk_ghost_wrathful_warriors,
          minmay_shop_damaged, minmay_fire_ice_demons, uniq_psyche
D:9:      minmay_the_grid_octo_triangle [minmay_the_grid_octo_77,
          minmay_the_grid_octo_prize_star, minmay_the_grid_octo_pinwheel],
          layout_rooms, kiku_gazebo_pond_becter, mainiacjoe_overflow_paths
D:10:     layout_roguey, nicolae_yredelemnul_corpse_copse, zombieorc2_lemuel
Orc:1:    layout_caves, nicolae_orc_rockfall

Skill      XL: |  1  2  3  4  5  6  7  8  9 10 11 12 |
---------------+-------------------------------------+-----
Polearms       | 5 7 8 10 12 15 16 18 19 | 19.7
Armour         | 2 3 4 6 7 8 9 |  9.6
Fighting       | 4 5 6 |  6.0
Evocations     | 5 6 |  6.0
Dodging        | |  2.6

Action                   |  1- 3 |  4- 6 |  7- 9 | 10-12 || total
-------------------------+-------+-------+-------+-------++-------
Melee: Spear             |   142 |   178 |   207 |       ||   527
       Trident           |       |       |   125 |       ||   125
       Demon trident     |       |       |       |   590 ||   590
Throw: Stone             |    31 |       |    16 |    22 ||    69
Invok: Berserk           |       |     3 |     7 |    14 ||    24
       Trog's Hand       |       |       |       |     6 ||     6
       Brothers in Arms  |       |       |       |     1 ||     1
  Use: Scroll            |       |     6 |     6 |     4 ||    16
       Potion            |       |       |       |     1 ||     1
 Stab: Sleeping          |     5 |       |       |       ||     5
Armor: Animal skin       |     7 |       |       |       ||     7
       Chain mail        |     7 |    74 |    83 |   296 ||   460
       Plate armour      |       |       |    16 |       ||    16
Dodge: Dodged            |    39 |    48 |    73 |   147 ||   307

Table legend: (Time is in decaauts)
 A = Elapsed time spent in this place.
 B = Non-inter-level travel time spent in this place.
 C = Inter-level travel time spent in this place.
 D = Time resting spent in this place.
 E = Time spent auto-exploring this place.
 F = Levels seen in this place.
 G = Mean time per level.
                   A        B        C        D        E       F      G
               +--------+--------+--------+--------+--------+-----+--------+
         Total |  12882 |  12213 |    669 |   2631 |   7682 |  11 | 1171.1 |
       Dungeon |  12755 |  12087 |    668 |   2631 |   7671 |  10 | 1275.5 |
  Orcish Mines |    127 |    127 |      0 |      0 |     11 |   1 |  127.0 |
               +--------+--------+--------+--------+--------+-----+--------+

Top non-repeatable levels by time:
    D:10: 2138 daAuts
     D:9: 1943 daAuts
     D:6: 1432 daAuts
     D:5: 1164 daAuts
     D:7: 1129 daAuts
     D:3: 1126 daAuts
     D:8: 1124 daAuts
     D:1: 1058 daAuts
     D:2: 914 daAuts
     D:4: 722 daAuts
   Orc:1: 127 daAuts
